 Dungeon Crawl Stone Soup version 0.27-a0-1500-g450c7e4133 (webtiles) character file.

Game seed: 484273040627178534

1511 bigjeff5 the Ruffian (level 8, -3/72 HPs)
             Began as a Troll Warper on July 8, 2021.
             Was a Follower of Cheibriados.
             Killed by divine providence
             ... invoked by an orc priest
              (13 damage)
             ... on level 6 of the Dungeon.
             The game lasted 01:16:27 (4102 turns).

bigjeff5 the Ruffian (Troll Warper)                 Turns: 4102, Time: 01:16:28

Health: -3/72      AC:  8    Str: 22    XL:     8   Next: 53%
Magic:  7/10       EV: 11    Int: 13    God:    Cheibriados [*.....]
Gold:   146        SH:  0    Dex: 11    Spells: 9/11 levels left

rFire    . . .     SeeInvis .     - Unarmed
rCold    . . .     Faith    .   (no shield)
rNeg     . . .     Spirit   .   a - +0 robe
rPois    .         Reflect  .   (helmet restricted)
rElec    .         Harm     .   y - scarf {+Inv}
rCorr    .         Rampage  .   (gloves unavailable)
Will     .....                  (boots unavailable)
Stlth    +.........             (no amulet)
HPRegen  1.22/turn              p - +4 ring of protection
MPRegen  0.12/turn              (no ring)

@: very slow
A: large, unfitting armour, claws 3, regeneration 1, shaggy fur 1, tough skin 1
a: Renounce Religion, Evoke Invisibility, Bend Time


You were on level 6 of the Dungeon.
You worshipped Cheibriados.
Cheibriados was aware of your devotion.
You visited 2 branches of the dungeon, and saw 7 of its levels.

You collected 146 gold pieces.

Inventory:

Hand Weapons
 b - a +0 halberd
 f - a +0 spear
 g - a +0 dagger of draining
 w - a +1 vorpal falchion
Missiles
 c - 5 boomerangs of dispersal
 d - 202 stones (quivered)
 i - 16 poisoned darts
 k - 3 curare-tipped darts
 o - 81 bolts
Armour
 a - a +0 robe (worn)
 y - a scarf of invisibility (worn)
Jewellery
 p - a +4 ring of protection (left claw)
Wands
 v - a wand of mindburst (10)
Scrolls
 e - 3 scrolls of amnesia {unknown}
 l - 3 scrolls of teleportation {unknown}
 m - 3 scrolls of identify {unknown}
 n - 2 scrolls of immolation {unknown}
 q - a scroll of torment {unknown}
 s - a scroll of noise {unknown}
 x - a scroll of vulnerability {unknown}
Potions
 h - 2 potions of ambrosia {unknown}
 j - a potion of might {unknown}
 r - 2 potions of curing {unknown}
 t - a potion of heal wounds {unknown}
 u - a potion of brilliance {unknown}


   Skills:
 - Level 2.0 Fighting
 - Level 1.0 Throwing
 - Level 5.0 Dodging
 + Level 5.7 Unarmed Combat
 * Level 2.4 Spellcasting
 + Level 4.6 Translocations
 + Level 2.6 Invocations


You had 9 spell levels left.
You knew the following spells:

 Your Spells              Type           Power      Damage    Failure   Level
a - Blink                 Tloc           N/A        N/A       5%          2

Your spell library contained the following spells:

 Spells                   Type           Power      Damage    Failure   Level
 Gell's Gravitas          Tloc           6%         N/A       11%         3
 Lesser Beckoning         Tloc           6%         N/A       11%         3
 Teleport Other           Tloc           13%        N/A       11%         3
 Corona                   Hex            1%         N/A       24%         1
 Ensorcelled Hibernation  Hex/Ice        2%         N/A       36%         2
 Poisonous Vapours        Pois/Air       2%         N/A       36%         2
 Slow                     Hex            1%         N/A       36%         2
 Confusing Touch          Hex            1%         N/A       58%         3
 Mephitic Cloud           Conj/Pois/Air  1%         N/A       58%         3
 Ozocubu's Armour         Ice            1%         N/A       58%         3
 Spider Form              Tmut/Pois      0%         N/A       58%         3
 Tukima's Dance           Hex            1%         N/A       58%         3
 Vampiric Draining        Necr           0%         2d6       58%         3
 Iskenderun's Mystic Bla  Conj/Tloc      7%         2d4       67%         4
 Manifold Assault         Tloc           13%        N/A       71%         5
 Fulminant Prism          Conj/Hex       0%         3d6       94%         4
 Freezing Cloud           Conj/Ice/Air   0%         6-21      100%        5
 Lee's Rapid Deconstruct  Erth           0%         3d5*      100%        5
 Metabolic Englaciation   Hex/Ice        0%         N/A       100%        5
 Shadow Creatures         Summ           N/A        N/A       100%        6
 Simulacrum               Ice/Necr       0%         N/A       100%        6


Dungeon Overview and Level Annotations

Branches:
Dungeon (6/15)             Temple (1/1) D:4

Altars:
Ashenzari
Cheibriados
Dithmenos
Elyvilon
Fedhas
Gozag
Hepliaklqana
Kikubaaqudgha
Makhleb
Nemelex Xobeh
Okawaru
Qazlal
Ru
Sif Muna
Trog
Uskayaw
Vehumet
Wu Jian
Xom
Yredelemnul
Zin
The Shining One


Innate Abilities, Weirdness & Mutations

You are too large for most types of armour.
You have claws for hands.
Your natural rate of healing is unusually fast.
You are covered in fur. (AC +1)
You have tough skin. (AC +1)


Message History

The orc warrior hits you with a +0 short sword!
You closely miss the orc warrior.
The orc warrior is heavily wounded.
The orc priest calls down the wrath of Beogh upon you.
Beogh smites you!
* * * LOW HITPOINT WARNING * * *
The orc warrior hits you with a +0 short sword!
* * * LOW HITPOINT WARNING * * *
Non-targeted cast: Blink
Press: ? - help, Q - select action, (/) - cycle Dir - look around, f - activate You are too injured to fight recklessly!
Throw: 202 stones
Press: ? - help, Q - select action, (/) - cycle Shift-Dir - straight line, f - orc warrior
Aim: an orc warrior, wielding a +0 short sword and wearing a +0 chain mail (heavily wounded, 52% to hit)
Okay, then.
Casting: Blink (safe; 5% risk of failure)
Confirm with . or Enter, or press ? or * to list all spells.
You miscast Blink.
You are very lightly contaminated with residual magic.
Nothing appears to happen.
The orc warrior hits you with a +0 short sword.
* * * LOW HITPOINT WARNING * * *
Casting: Blink (safe; 5% risk of failure)
Confirm with . or Enter, or press ? or * to list all spells.
You blink.
The orc priest looks encouraged for a moment.
The orc priest calls down the wrath of Beogh upon you.
Beogh smites you!
* * * LOW HITPOINT WARNING * * *
The orc hits you but does no damage. The orc hits you but does no damage.
Your magical contamination has completely faded away.
The orc closely misses you.
The orc hits you with a +2 hand axe of flaming.
* * * LOW HITPOINT WARNING * * *
The orc burns you.
* * * LOW HITPOINT WARNING * * *
The orc priest invokes the aid of Beogh against you.
Beogh smites you!
You die...

#.....#
#.o...#
##.####
#o# #.#
#o# #o#
..######.#
.......@.#
..########


You could see an orc warrior, an orc priest and 2 orcs.

Vanquished Creatures
  A sky beast (D:5)
  A black bear (D:4)
  An orc warrior (D:4)
  A necrophage (D:5)
  An ice beast (D:5)
  3 ogres
  2 bullfrogs
  3 scorpions
  A howler monkey (D:5)
  2 hounds
  4 orc priests
  2 orc wizards
  2 iguanas
  4 gnolls
  3 adders
  A shadow imp (D:5)
  An ufetubus (D:5)
  2 worms
  3 dart slugs
  9 orcs
  14 ball pythons
  5 bats
  12 endoplasms
  2 giant cockroaches
  2 hobgoblins (D:4)
  5 jackals
  3 quokkas
  2 frilled lizards
  10 goblins
  16 kobolds
  3 rats
121 creatures vanquished.

Vanquished Creatures (others)
  A fungus (D:3)
1 creature vanquished.

Grand Total: 122 creatures vanquished

Notes
Turn   | Place    | Note
-------+----------+-------------------------------------------
     0 | D:1      | bigjeff5 the Troll Warper began the quest for the Orb.
     0 | D:1      | Reached XP level 1. HP: 19/19 MP: 1/1
    73 | D:1      | Reached skill level 1 in Throwing
    85 | D:1      | Reached XP level 2. HP: 25/28 MP: 3/3
   449 | D:1      | Reached XP level 3. HP: 35/35 MP: 4/4
   662 | D:2      | Found a glowing silver altar of Zin.
  1147 | D:3      | Reached XP level 4. HP: 30/42 MP: 5/5
  1341 | D:3      | Found a glowing silver altar of Zin.
  1418 | D:3      | Reached skill level 5 in Unarmed Combat
  1418 | D:3      | Reached XP level 5. HP: 49/49 MP: 6/6
  1588 | D:3      | Found a faded altar of an unknown god.
  1989 | D:4      | Noticed an ogre
  2120 | D:2      | Killed an ogre
  2164 | D:4      | Reached XP level 6. HP: 45/57 MP: 7/7
  2338 | D:4      | Learned a level 2 spell: Blink
  2375 | D:4      | Noticed an orc warrior
  2763 | D:4      | Found a staircase to the Ecumenical Temple.
  2769 | Temple   | Entered the Ecumenical Temple
  2831 | Temple   | Became a worshipper of Cheibriados the Contemplative
  2931 | D:4      | Killed an orc warrior
  2944 | D:4      | Reached XP level 7. HP: 30/65 MP: 8/8
  3199 | D:5      | Entered Level 5 of the Dungeon
  3264 | D:5      | Reached skill level 5 in Dodging
  3327 | D:5      | Reached skill level 1 in Invocations
  3342 | D:5      | Reached XP level 8. HP: 72/72 MP: 9/9
  3900 | D:6      | Reached * piety under Cheibriados
  4094 | D:6      | HP: 1/72 [orc priest/divine providence (13)]
  4102 | D:6      | Killed from afar by an orc priest

Illustrated notes

Levels and vault maps discovered:
D:1:      erik_arrival_orb_chamber, layout_rooms
D:2:      layout_rooms, basic_altar
D:3:      layout_basic, mainiacjoe_overflow_chevrons,
          shapermc_ecumenical_altar_gd, kennysheep_generic_room_12
D:4:      layout_gridville, minmay_temple_entry_fiery
D:5:      layout_rooms, serial_curves, eino_curves_04, eino_curves_04,
          eino_curves_01, kennysheep_generic_room_8
D:6:      layout_loops_ring
Temple:   dpeg_three_leaves_temple

Skill      XL: |  1  2  3  4  5  6  7  8 |
---------------+-------------------------+-----
Throwing       | 1 |  1.0
Dodging        | 2 4 5 |  5.0
Unarmed Combat | 3 4 5 |  5.7
Fighting       | 2 |  2.0
Translocations | 3 4 |  4.6
Invocations    | 1 2 |  2.6
Spellcasting   | 2 |  2.4

Action                   |  1- 3 |  4- 6 |  7- 9 || total
-------------------------+-------+-------+-------++-------
Melee: Unarmed           |   143 |   150 |   131 ||   424
       Punch             |       |       |     3 ||     3
Throw: Stone             |    11 |     8 |       ||    19
 Cast: Blink             |       |       |     1 ||     1
  Use: Scroll            |       |     1 |       ||     1
 Stab: Sleeping          |       |     1 |       ||     1
Armor: Robe              |    38 |    48 |    52 ||   138
Dodge: Dodged            |    65 |    75 |    55 ||   195

Table legend: (Time is in decaauts)
 A = Elapsed time spent in this place.
 B = Non-inter-level travel time spent in this place.
 C = Inter-level travel time spent in this place.
 D = Time resting spent in this place.
 E = Time spent auto-exploring this place.
 F = Levels seen in this place.
 G = Mean time per level.
                   A        B        C        D        E       F      G
               +--------+--------+--------+--------+--------+-----+--------+
         Total |   4407 |   4302 |    105 |     57 |   1941 |   7 |  629.6 |
       Dungeon |   4309 |   4204 |    105 |     57 |   1921 |   6 |  718.2 |
        Temple |     98 |     98 |      0 |      0 |     20 |   1 |   98.0 |
               +--------+--------+--------+--------+--------+-----+--------+

Top non-repeatable levels by time:
     D:3: 1105 daAuts
     D:4: 902 daAuts
     D:5: 821 daAuts
     D:1: 635 daAuts
     D:2: 548 daAuts
     D:6: 294 daAuts
  Temple: 98 daAuts
